[Event "Late-Titled-Tuesday-Blitz-July-09-2024"]
[Site "Chess.com"]
[Date "2024.07.09"]
[Round "2"]
[White "Fjal"]
[Black "Nicolik"]
[Result "1-0"]
[WhiteElo "2405"]
[BlackElo "2703"]
[TimeControl "180+1"]
[EndTime "14:18:25 PDT"]
[Termination "Fjal won by checkmate"]

1. Nf3 d5 2. g3 Nc6 3. Bg2 Bf5 4. d4 Nb4 5. Na3 e6 6. O-O Nf6 7. c4 c6 8. Bd2 a5 9. Nh4 Be4 10.
f3 Bg6 11. c5 e5 12. dxe5 Bxc5+ 13. Kh1 Nd7 14. f4 Be4 15. Bxe4 dxe4 16. Nc2 Nd5 17.
a3 e3 18. Bc1 a4 19. Ng2 f6 20. Ncxe3 Nxe3 21. Bxe3 fxe5 22. fxe5 Qe7 23. Bxc5 Nxc5 24.
Rc1 Qxe5 25. Qc2 Ne4 26. Rf4 Nf6 27. Rd1 O-O 28. Qc4+ Nd5 29. e4 Qxb2 30. exd5 b5 31. Qxc6 Qxa3 32. Qe6+ Kh8 33. Rdf1 Rxf4 34. Nxf4 Qc5 35.
d6 a3 36. d7 Qf8 37. Ng6+ hxg6 38. Rxf8+ Rxf8 39. Qe8 Kg8 40. Qxf8+ Kxf8 41. d8=Q+ Kf7 42. Qa5 Kf6 43. Qxb5 g5 44. Qa4 Kg6 45. Qxa3 Kh5 46. Qd3 g6 47. Kg2 g4 48. h3 gxh3+ 49. Kxh3 g5 50.
Qd5 Kh6 51. Kg4 Kg6 52. Qxg5+ Kh7 53. Kf5 Kh8 54. Kf6 Kh7 55. Qg7# 1-0

[Event "Late-Titled-Tuesday-Blitz-July-09-2024"]
[Site "Chess.com"]
[Date "2024.07.09"]
[Round "2"]
[White "baki83"]
[Black "Kowarenai"]
[Result "1-0"]
[WhiteElo "2827"]
[BlackElo "2545"]
[TimeControl "180+1"]
[EndTime "14:18:27 PDT"]
[Termination "baki83 won by resignation"]

1. e4 c6 2. d4 d5 3. e5 a6 4. c4 Bf5 5. Nc3 e6 6. h4 h6 7. g4 Bh7 8. f4 Nd7 9. Nf3 b5 10. cxd5 cxd5 11. Bd3 Bxd3 12. Qxd3 h5 13. f5 hxg4 14.
Ng5 exf5 15. Nxd5 Nb6 16. Nxb6 Qxb6 17. Be3 g6 18. O-O-O Qc6+ 19. Kb1 Qd5 20. Bf4 Rh5 21. e6 f6 22. Nf7 Bh6 23. Nxh6 Nxh6 24. Rhe1 Ng8 25.
Qb3 Ne7 26. Qb4 a5 27. Qc3 b4 28. Qc7 Rc8 29. Qa7 Ra8 30. Qc7 Rc8 31. Qa7 Ra8 32. Qb6 Rxh4 33. Rc1 g5 34. Bd6 Rh7 35. Rc5 Qf3 36. Rc7 Rd8 37. Qb5+ Kf8 38. Qc5 Re8 39. Bxe7+ Rhxe7 40. d5 Qg3 41. Rh1 Qd3+ 42. Ka1 Kg7 43. Rxe7+ Kg6 44. Rg7+ Kxg7 45. Qc7+ Re7 46. Qxe7+ 1-0

[Event "Late-Titled-Tuesday-Blitz-July-09-2024"]
[Site "Chess.com"]
[Date "2024.07.09"]
[Round "2"]
[White "RichardShtivelband"]
[Black "HaryKane"]
[Result "1-0"]
[WhiteElo "2372"]
[BlackElo "2564"]
[TimeControl "180+1"]
[EndTime "14:18:27 PDT"]
[Termination "RichardShtivelband won on time"]

1. d4 g6 2. e4 Bg7 3. Nc3 d6 4. Be3 Nf6 5. h3 O-O 6. Nf3 c5 7. dxc5 Qa5 8. Qd2 dxc5 9. e5 Rd8 10.
Bd3 Nfd7 11. e6 fxe6 12. O-O Nc6 13. Qe2 Nf6 14. Bc4 Nd5 15. Rad1 Nxc3 16. bxc3 b5 17. Bxb5 Bb7 18. Ng5 Qxc3 19. Nxe6 Rxd1 20. Rxd1 Qe5 21. Rd7 Bc8 22. Bxc6 Bxd7 23. Bxd7 Rb8 24. f4 Qd5 25. Nxc5 Rb1+ 26. Kf2 Kh8 27. Be6 Qd6 28. Bb3 Bd4 29. Ne4 Qxf4+ 30. Qf3 Bxe3+ 31. Ke2 Qxf3+ 32. gxf3 Bb6 33. c4 Rh1 34. c5 Bc7 35. Ng5 Rh2+ 36. Ke3 Rh1 37.
Kd4 Rc1 38. Ne6 Bg3 39. f4 Bf2+ 40. Kd5 a5 41. c6 h6 42. c7 1-0

[Event "Late-Titled-Tuesday-Blitz-July-09-2024"]
[Site "Chess.com"]
[Date "2024.07.09"]
[Round "2"]
[White "djano"]
[Black "Vladimir_Zakhartsov"]
[Result "0-1"]
[WhiteElo "2595"]
[BlackElo "2895"]
[TimeControl "180+1"]
[EndTime "14:18:29 PDT"]
[Termination "Vladimir_Zakhartsov won on time"]

1. e4 c5 2. Nc3 d6 3. f4 g6 4. Nf3 Bg7 5. Bc4 Nc6 6. O-O Nh6 7. d3 a6 8. a4 O-O 9. Qe1 Nd4 10. Qh4 e6 11.
Qf2 Ng4 12. Qd2 Nxf3+ 13. gxf3 Ne3 14. Re1 d5 15. Ba2 d4 16. Nd1 Qh4 17. Nxe3 dxe3 18.
Qe2 Qxf4 19. c3 b6 20. Bxe3 Qd6 21. Rad1 e5 22. Bd5 Ra7 23. Rf1 Be6 24. c4 f5 25.
f4 Bxd5 26. cxd5 fxe4 27. dxe4 exf4 28. Bc1 Be5 29. Qg4 g5 30. Kh1 Qg6 31. Rde1 h5 32.
Qg2 g4 33. b4 cxb4 34. Qa2 Kh7 35. Qc4 a5 36. Rd1 f3 37. d6 Bxd6 38. e5 Bxe5 39. Rfe1 Bg7 40. Re6 Rc7 41. Qd5 Qf5 42. Qd6 f2 43.
Rh6+ Bxh6 44. Qxh6+ Kg8 45. Kg2 Qf3+ 46. Kf1 Qxd1+ 47.
Kg2 Qf3+ 48. Kf1 Rxc1+ 0-1

[Event "Late-Titled-Tuesday-Blitz-July-09-2024"]
[Site "Chess.com"]
[Date "2024.07.09"]
[Round "2"]
[White "enriquebutti"]
[Black "KNVB"]
[Result "1-0"]
[WhiteElo "2180"]
[BlackElo "2668"]
[TimeControl "180+1"]
[EndTime "14:18:29 PDT"]
[Termination "enriquebutti won on time"]

1. d4 e5 2. e3 Nc6 3. Nf3 d6 4. Bb5 Bd7 5. O-O e4 6. Nfd2 f5 7. d5 Ne5 8. Bxd7+ Qxd7 9. c4 Nf6 10. b3 g6 11. Bb2 Bg7 12. Nc3 Nd3 13. Qc2 O-O 14.
Rad1 Nxb2 15. Qxb2 Ng4 16. Qc2 Ne5 17. f3 exf3 18. Nxf3 Nxf3+ 19. Rxf3 Rae8 20. Ne2 Rf7 21. Nf4 Re5 22. Ne6 Bh6 23. Re1 Re4 24. Qd3 Qe7 25. Rh3 Bg5 26. Rf1 Kh8 27. Rhf3 Re5 28. g4 Qf6 29.
gxf5 gxf5 30. Kh1 b6 31. Rg1 Bh6 32. Rfg3 Bg7 33. Qd4 Rxe6 34. dxe6 Qxd4 35. exd4 Re7 36. d5 Kg8 37. Rf3 h6 38. Rxf5 a6 39. Rgf1 b5 40. Rf7 Re8 41. Rxc7 Kh8 42. Rff7 Be5 43. Rce7 Rc8 44. Rc7 Rb8 45. e7 Kg8 46. Rf5 bxc4 47. bxc4 h5 48. Rxe5 dxe5 49. d6 Kf7 50. c5 Ke6 51. Ra7 e4 52. Kg2 1-0

[Event "Late-Titled-Tuesday-Blitz-July-09-2024"]
[Site "Chess.com"]
[Date "2024.07.09"]
[Round "2"]
[White "Os55555"]
[Black "carokannlover213"]
[Result "0-1"]
[WhiteElo "2324"]
[BlackElo "2709"]
[TimeControl "180+1"]
[EndTime "14:18:30 PDT"]
[Termination "carokannlover213 won on time"]

1. b3 d5 2. e3 e5 3. Bb2 Bd6 4.
Nf3 Qe7 5. c4 d4 6. exd4 exd4+ 7. Qe2 c5 8. Qxe7+ Nxe7 9. Na3 a6 10. d3 Nbc6 11. Be2 Nb4 12. O-O Bf5 13. Rfd1 Kd7 14.
Nh4 Be6 15. g3 g5 16. Ng2 Bf5 17. Bc1 h6 18. f4 g4 19. Nh4 Be6 20. Bd2 Nf5 21.
Nxf5 Bxf5 22. Bxb4 cxb4 23. Nc2 a5 24. Kg2 Bc5 25.
Re1 h5 26. Bf1 f6 27. a3 bxa3 28. Nxa3 a4 29. bxa4 Rxa4 30. Nb5 Rha8 31. Rxa4 Rxa4 32. Rd1 Ra2+ 33. Kg1 Kd8 34. Rb1 Bd7 35. Rb3 Bc6 36.
Rb1 Kd7 37. h3 h4 38. gxh4 g3 39. Re1 Bb4 40. Re2 Rxe2 41. Bxe2 Bd2 42. Nxd4 Be3+ 43.
Kf1 g2+ 0-1

[Event "Late-Titled-Tuesday-Blitz-July-09-2024"]
[Site "Chess.com"]
[Date "2024.07.09"]
[Round "2"]
[White "TokChess"]
[Black "johnmez"]
[Result "0-1"]
[WhiteElo "2570"]
[BlackElo "2297"]
[TimeControl "180+1"]
[EndTime "14:18:30 PDT"]
[Termination "johnmez won on time"]

1. c4 Nf6 2. g3 g6 3. Bg2 Bg7 4. Nf3 O-O 5. O-O d6 6. d3 c5 7. Nc3 Nc6 8. Rb1 Rb8 9. a3 Nd7 10. Bd2 a5 11. Qc1 Re8 12. Bh6 Bh8 13. Nd5 b5 14. h4 e6 15. Nc3 b4 16. axb4 axb4 17.
Ne4 Qe7 18. Bg5 f6 19. Bh6 Bb7 20. Ra1 Ra8 21. Rxa8 Rxa8 22. Bh3 f5 23. Bg5 Qf8 24. Ned2 Ra2 25. b3 h6 26. Be3 Bg7 27. Re1 Nde5 28. Nxe5 Nxe5 29. Bf4 Qa8 30. Nf1 Rxe2 31. Rxe2 Nf3+ 32.
Kh1 Nd4+ 33. Re4 fxe4 34. dxe4 Bxe4+ 35. Kh2 Nf3+ 36. Kh1 Nxh4+ 37. Kh2 Nf3+ 38. Kh1 e5 39. Be3 g5 40. Qd1 Nd4+ 41. Kh2 Bf3 42. Qb1 g4 43.
Qg6 gxh3 44. Bxh6 Qf8 0-1

[Event "Late-Titled-Tuesday-Blitz-July-09-2024"]
[Site "Chess.com"]
[Date "2024.07.09"]
[Round "2"]
[White "glebus008"]
[Black "RantomOpening"]
[Result "1-0"]
[WhiteElo "2403"]
[BlackElo "2590"]
[TimeControl "180+1"]
[EndTime "14:18:31 PDT"]
[Termination "glebus008 won by resignation"]

1. d4 d5 2. c4 c6 3. cxd5 cxd5 4. Nc3 Nc6 5. Nf3 Bf5 6. Qb3 Nf6 7. Qxb7 Rc8 8. e4 dxe4 9. Bb5 exf3 10. Bxc6+ Bd7 11.
Bxd7+ Qxd7 12. Qxf3 Qxd4 13. Be3 Qc4 14. Rc1 e6 15. a3 Qa6 16. Qe2 Qxe2+ 17. Kxe2 Bd6 18. Nb5 Rxc1 19. Nxd6+ Ke7 20. Rxc1 Kxd6 21. Bxa7 Nd5 22.
Bc5+ Ke5 23. g3 g5 24. Kd3 Ra8 25. Kc4 Ke4 26. Rd1 Kf3 27. h4 g4 28. Rd3+ Ke4 29.
Rd4+ Kf3 30. Rd3+ Ke2 31. b4 Rc8 32. Rb3 f5 33. a4 f4 34. gxf4 Nxf4 35. a5 Ra8 36.
Re3+ Kxf2 37. Rxe6+ Kf3 38. Rf6 Ke4 39. a6 g3 40. b5 g2 41. a7 Rc8 42. Rc6 Ra8 43. b6 Nd3 44. Re6+ Ne5+ 45. Rxe5+ Kxe5 46. b7 Rc8 47. a8=Q Rxc5+ 48. Kb4 g1=Q 49. b8=Q+ Kd4 50. Qf4+ Kd3 51. Qaf3+ Kc2 52. Q4e4+ Kc1 53. Qee3+ Kc2 54. Qxg1 Re5 55. Qgg2+ Re2 56. Qfxe2+ 1-0

[Event "Late-Titled-Tuesday-Blitz-July-09-2024"]
[Site "Chess.com"]
[Date "2024.07.09"]
[Round "2"]
[White "PapaieDudu"]
[Black "Alexander_Khlebovich"]
[Result "1/2-1/2"]
[WhiteElo "2417"]
[BlackElo "2798"]
[TimeControl "180+1"]
[EndTime "14:18:31 PDT"]
[Termination "Game drawn by repetition"]

1. e4 c5 2. Nf3 d6 3. d4 cxd4 4. Nxd4 Nf6 5. Nc3 a6 6. f3 e5 7. Nb3 Be6 8. Be3 Nbd7 9. Qd2 h5 10.
O-O-O Rc8 11. Kb1 b5 12. Nd5 Bxd5 13. exd5 Nb6 14. Bxb6 Qxb6 15. Na5 Rc5 16. c4 bxc4 17. Nxc4 Qc7 18. Ne3 g6 19. Bxa6 Bh6 20. Qe2 O-O 21. h4 Qb6 22. Bc4 Rb8 23. Bb3 Qb4 24. Nc2 Qf4 25.
Rdg1 e4 26. Rf1 e3 27. Re1 Nxd5 28. Bxd5 Rxd5 29. Qxe3 Qf6 30. Qa3 Ra5 31. Re8+ Kh7 32. Rxb8 Rxa3 33. Nxa3 Qf5+ 34. Nc2 Qd3 35. Rb7 Kg7 36.
a3 Qd2 37. Re1 Bf4 38. Ree7 Qd1+ 39. Ka2 Be5 40. Rxf7+ Kg8 41. Nb4 Qd2 42. Na6 Qd5+ 43. Ka1 Qd1+ 44. Ka2 Qd5+ 45. Ka1 Qd1+ 46. Ka2 Qd5+ 1/2-1/2

[Event "Late-Titled-Tuesday-Blitz-July-09-2024"]
[Site "Chess.com"]
[Date "2024.07.09"]
[Round "2"]
[White "ivanquiroga"]
[Black "jk13"]
[Result "0-1"]
[WhiteElo "2382"]
[BlackElo "2657"]
[TimeControl "180+1"]
[EndTime "14:18:32 PDT"]
[Termination "jk13 won by resignation"]

1. d4 Nf6 2. c4 e6 3. g3 Bb4+ 4. Bd2 Bxd2+ 5. Nxd2 O-O 6. Bg2 d6 7. Ngf3 Qe7 8. e4 e5 9. d5 Bg4 10.
h3 Bxf3 11. Bxf3 a5 12. Qe2 Na6 13. O-O Nc5 14. b3 g6 15. a3 Ra7 16. b4 Na6 17. Nb3 axb4 18. axb4 Rfa8 19. b5 Nc5 20. Rxa7 Rxa7 21.
Nxc5 dxc5 22. Qb2 Ra4 23. Qc3 Nd7 24. Ra1 Rxa1+ 25. Qxa1 b6 26. Qa8+ Kg7 27. Qc6 Nf6 28. Kg2 Ne8 29. Qa8 Nd6 30. Qa2 h5 31. h4 f6 32. Qc2 Qe8 33. Qa2 Qc8 34. Kh2 Qe8 35. Bg2 f5 36. f3 Qe7 37. Qc2 f4 38. Bf1 fxg3+ 39. Kxg3 g5 40. Qh2 Kg6 41. Be2 Qf6 42. hxg5 Qf4+ 43. Kh3 Qxh2+ 44. Kxh2 Kxg5 45. Kg3 Nc8 46. Bf1 Ne7 47. Bh3 h4+ 48. Kf2 Kf4 49. Be6 Ng6 50.
Bf5 Nh8 51. Be6 Ng6 52. Bf5 Nf8 53. Be6 Nh7 54. Bf5 Ng5 55. Be6 Nxf3 0-1

[Event "Late-Titled-Tuesday-Blitz-July-09-2024"]
[Site "Chess.com"]
[Date "2024.07.09"]
[Round "2"]
[White "ArchibaldCerveza29"]
[Black "DonJuanEGenaro"]
[Result "1-0"]
[WhiteElo "2427"]
[BlackElo "1971"]
[TimeControl "180+1"]
[EndTime "14:18:32 PDT"]
[Termination "ArchibaldCerveza29 won on time"]

1. e4 c5 2. d4 cxd4 3. c3 dxc3 4. Nxc3 d6 5. Bc4 a6 6. Nf3 b5 7. Bb3 e6 8. O-O Nf6 9. Qe2 Be7 10. Rd1 O-O 11.
e5 Ne8 12. Bf4 d5 13. Rac1 Bb7 14. h4 Nd7 15. Bc2 Bxh4 16. Nxh4 Qxh4 17. g3 Qh3 18.
Qd3 Nc5 19. Qd4 Rc8 20. b4 Nd7 21. Bd3 f5 22. Bf1 Qh5 23. Kg2 Rc4 24. Bxc4 dxc4+ 25. Kf1 Bf3 26. Ke1 Rf7 27. Kd2 Nf8 28. Kc2 Rd7 29. Qxd7 Nxd7 30. Rxd7 Be4+ 31. Nxe4 fxe4 32. Rcd1 h6 33.
R1d2 Qf3 34. Rd8 c3 35. Rxe8+ Kf7 36. Rdd8 Qxf2+ 37. Kxc3 Qxa2 38. Rf8+ Kg6 39. Rd6 Qc4+ 40. Kd2 Qxb4+ 41. Ke3 Qc3+ 42. Kxe4 Qc4+ 43. Kf3 b4 44. Re8 1-0

[Event "Late-Titled-Tuesday-Blitz-July-09-2024"]
[Site "Chess.com"]
[Date "2024.07.09"]
[Round "2"]
[White "Igor_Janik"]
[Black "swayamsm"]
[Result "0-1"]
[WhiteElo "2882"]
[BlackElo "2613"]
[TimeControl "180+1"]
[EndTime "14:18:33 PDT"]
[Termination "swayamsm won by resignation"]

1. e4 e5 2. Nf3 Nc6 3. Bb5 a6 4. Ba4 Nf6 5. O-O Be7 6. Re1 b5 7. Bb3 O-O 8. h3 d6 9. c3 Nb8 10. d4 Nbd7 11. Nbd2 Bb7 12. a4 Re8 13. Ng5 Rf8 14.
Ngf3 Re8 15. Bc2 Bf8 16. Nf1 exd4 17. Qxd4 c5 18. Qd1 Nxe4 19. Bf4 Ndf6 20. Ne3 d5 21.
Qd3 Qb6 22. axb5 axb5 23. Be5 Rxa1 24. Rxa1 b4 25. c4 dxc4 26. Qxc4 Nd2 27. Nxd2 Rxe5 28.
Bb3 Nd5 29. Qd3 Nxe3 30. fxe3 Rg5 31. g4 Qc6 32. e4 Rg6 33. Bd5 Qc7 34. Nc4 Bxd5 35.
exd5 h5 36. Qf3 hxg4 37. hxg4 Rf6 38. Qe3 Rg6 39. Qf3 Rh6 40. Qf2 Qd7 41. Qf3 Rf6 42.
Qe4 Qc7 43. Kg2 Rf4 44. Qe2 Qd7 45. Ne3 Re4 46. Qf3 Qe8 47. Kf2 Qe5 48. Re1 Rf4 0-1

[Event "Late-Titled-Tuesday-Blitz-July-09-2024"]
[Site "Chess.com"]
[Date "2024.07.09"]
[Round "2"]
[White "MusicCityMaster"]
[Black "leotobares"]
[Result "1-0"]
[WhiteElo "2499"]
[BlackElo "2278"]
[TimeControl "180+1"]
[EndTime "14:18:33 PDT"]
[Termination "MusicCityMaster won on time"]

1. d4 Nf6 2. c4 e6 3. Nf3 Bb4+ 4. Bd2 Qe7 5. g3 Nc6 6. Bg2 Bxd2+ 7. Qxd2 Ne4 8. Qc2 Qb4+ 9. Kf1 d5 10. cxd5 exd5 11. Nc3 Nxd4 12. Nxd4 Qxd4 13. Nxe4 dxe4 14. Qxe4+ Qxe4 15. Bxe4 O-O 16. f4 c6 17. Kf2 f5 18. Bf3 Be6 19.
Rhd1 Rfd8 20. b3 Kf7 21. Rac1 a5 22. Rxd8 Rxd8 23. Rc5 Ra8 24. h3 g6 25. g4 a4 26. gxf5 gxf5 27. Kg3 Ke7 28. Kh4 Kd6 29. Re5 Bxb3 30. axb3 a3 31. Re3 a2 32. Rd3+ Kc5 33. Rd1 a1=Q 34. Rxa1 Rxa1 35. Kg5 Rb1 36. Kxf5 Rxb3 37.
Ke6 Kd4 38. f5 Re3+ 39. Kd6 c5 40. f6 Re8 41. f7 Ra8 42. Bxb7 Rd8+ 43. Ke7 Rb8 44. Bc6 Ke3 45. Be8 Kxe2 46. f8=Q Rb7+ 47. Kd6 c4 48. Bh5+ 1-0

[Event "Late-Titled-Tuesday-Blitz-July-09-2024"]
[Site "Chess.com"]
[Date "2024.07.09"]
[Round "2"]
[White "ChessLebaneseSalah"]
[Black "Horokoskii"]
[Result "0-1"]
[WhiteElo "2441"]
[BlackElo "2116"]
[TimeControl "180+1"]
[EndTime "14:18:33 PDT"]
[Termination "Horokoskii won on time"]

1. e4 c5 2. Nf3 d6 3. d4 cxd4 4. Nxd4 Nf6 5. Nc3 Nc6 6. Nd5 Nxd5 7. exd5 Qa5+ 8. Bd2 Qxd5 9. Nb5 Qe5+ 10. Be2 Kd8 11. O-O Be6 12. Bc3 Qd5 13. Bf3 Qxd1 14. Raxd1 a6 15.
Nd4 Nxd4 16. Rxd4 Rb8 17. Rb4 b5 18. a4 Bd7 19. axb5 Rxb5 20. Ra1 Rxb4 21. Bxb4 Bc8 22. Be2 g6 23. Bc3 Rg8 24. Bxa6 Bxa6 25. Rxa6 Kd7 26.
Ra8 Ke6 27. b4 f6 28. b5 Kd7 29. Ra7+ Kc8 30. b6 e5 31. Ba5 Kb8 32. Rxh7 d5 33. b7 Bg7 34. h4 Kxb7 35. h5 gxh5 36. Rxh5 Kc6 37. Bd2 Rb8 38. Rh7 Bf8 39. Be3 d4 40.
Bd2 Rb2 41. Ba5 Bd6 42. Rf7 Rxc2 43. Rxf6 Kd5 44. Rf3 Rc1+ 45. Kh2 Ra1 0-1

[Event "Late-Titled-Tuesday-Blitz-July-09-2024"]
[Site "Chess.com"]
[Date "2024.07.09"]
[Round "2"]
[White "GHANDEEVAM2003"]
[Black "karinachess1"]
[Result "1-0"]
[WhiteElo "3178"]
[BlackElo "2663"]
[TimeControl "180+1"]
[EndTime "14:18:34 PDT"]
[Termination "GHANDEEVAM2003 won on time"]

1. c4 e6 2. Nf3 Nf6 3. b3 d5 4.
Bb2 c5 5. e3 Nc6 6. cxd5 Nxd5 7.
Bb5 Bd7 8. O-O Nf6 9. a4 Be7 10. Na3 O-O 11. Rc1 Rc8 12. h3 Nd5 13. Bd3 Ncb4 14.
Bb1 Bf6 15. Ne5 Qe7 16. Nac4 Rfd8 17. f4 Be8 18. f5 Bxe5 19. Bxe5 f6 20. Bb2 e5 21.
Qe2 Bf7 22. Be4 Nb6 23. d3 Rd7 24. Rfd1 Rcd8 25. a5 N6d5 26. g4 b5 27. axb6 axb6 28.
g5 b5 29. gxf6 gxf6 30. Na3 Nc7 31. Kh2 Bxb3 32. Rd2 Kh8 33. Rg1 Rg8 34. Rxg8+ Bxg8 35. Nb1 c4 36. d4 exd4 37. Bxd4 Ncd5 38. Qg4 Qg7 39. Qh4 Qf7 40. Rg2 Rd6 41. Nd2 Ra6 42.
Nf3 Nd3 43. Bxd5 1-0

[Event "Late-Titled-Tuesday-Blitz-July-09-2024"]
[Site "Chess.com"]
[Date "2024.07.09"]
[Round "2"]
[White "PositionalPanther"]
[Black "Aygehovit1992"]
[Result "0-1"]
[WhiteElo "2517"]
[BlackElo "2776"]
[TimeControl "180+1"]
[EndTime "14:18:34 PDT"]
[Termination "Aygehovit1992 won by resignation"]

1. Nf3 Nf6 2. g3 g6 3. b3 Bg7 4. Bb2 d6 5. d4 b5 6. Bg2 Bb7 7.
O-O O-O 8. Re1 Nbd7 9. Nbd2 c5 10.
dxc5 Nxc5 11. c4 b4 12. Qc2 a5 13. Rad1 a4 14. Qb1 axb3 15. axb3 Qa5 16. Nd4 Bxg2 17. Kxg2 Ne8 18. e4 Ra6 19. Re3 Nc7 20. Nc2 Rb8 21. Bxg7 Kxg7 22. Qb2+ e5 23. Ra1 Qb6 24. Rxa6 Qxa6 25.
f4 f6 26. fxe5 dxe5 27. Rf3 Qd6 28. Ne3 Nd3 29. Qb1 Nf4+ 30. gxf4 Qxd2+ 31. Kh1 exf4 32. Nd5 Nxd5 33. exd5 Re8 34. Qg1 g5 35. Rf2 Qd4 36. Rg2 Qxg1+ 37. Kxg1 Re1+ 38. Kf2 Re3 39. Rg1 Rxb3 40.
Rd1 Kf7 41. d6 Ke8 42. d7+ Kd8 43. c5 Rc3 44. Rd4 b3 45. Rb4 Kxd7 46. Rb7+ Kc6 47. Rb8 g4 0-1

[Event "Late-Titled-Tuesday-Blitz-July-09-2024"]
[Site "Chess.com"]
[Date "2024.07.09"]
[Round "2"]
[White "malakismayil"]
[Black "Ganziitoo"]
[Result "1-0"]
[WhiteElo "2521"]
[BlackElo "2317"]
[TimeControl "180+1"]
[EndTime "14:18:35 PDT"]
[Termination "malakismayil won by resignation"]

1. e4 d6 2. d4 Nf6 3. Nc3 Nbd7 4. Be3 e5 5. f3 c6 6. a4 Qa5 7. Bc4 d5 8. exd5 cxd5 9. Bb5 Bb4 10. Ne2 O-O 11. O-O exd4 12. Bxd4 Rd8 13. Kh1 a6 14. Bd3 Bc5 15. Re1 Bxd4 16. Nxd4 Nc5 17. Bf1 Ne6 18. Nb3 Qc7 19. Ne2 Bd7 20. Ned4 Rac8 21. c3 Nc5 22. Nxc5 Qxc5 23. Bd3 Re8 24. Qb3 Bc6 25. Bf5 Rcd8 26.
Qc2 g6 27. Bd3 Kg7 28. b4 Qd6 29. b5 axb5 30. axb5 Bd7 31. Qd2 Rxe1+ 32. Rxe1 Rc8 33. Rc1 Qe7 34. Qg5 h6 35. Qf4 Qa3 36. Qd2 Re8 37. Re1 Rxe1+ 38. Qxe1 Qd6 39. h3 Nh5 40. Qd2 Nf4 41. Bf1 Qe5 42. Nb3 Qg5 43. Qd4+ Kg8 44. Nc5 Ne6 45. Nxe6 Bxe6 46. Kh2 Qd8 47. Bd3 Qc7+ 48.
Kh1 h5 49. Bc2 b6 50. Bb3 Qc5 51. Qxc5 bxc5 52. b6 1-0

[Event "Late-Titled-Tuesday-Blitz-July-09-2024"]
[Site "Chess.com"]
[Date "2024.07.09"]
[Round "2"]
[White "Tactrics"]
[Black "manitodeplomo"]
[Result "1-0"]
[WhiteElo "2917"]
[BlackElo "2608"]
[TimeControl "180+1"]
[EndTime "14:18:37 PDT"]
[Termination "Tactrics won by resignation"]

1. e4 c5 2. Nf3 Nc6 3. Bb5 Na5 4. O-O a6 5. Be2 b5 6. c3 Bb7 7. d3 Nf6 8. Re1 e6 9. Nbd2 Be7 10. Nf1 O-O 11. h3 d6 12. Ng3 Re8 13. Bf1 Bf8 14.
Bg5 h6 15. Bf4 e5 16. Bc1 d5 17. Qc2 Rc8 18. Qe2 d4 19. Bd2 c4 20. cxd4 exd4 21. Bxa5 Qxa5 22. Nxd4 Rcd8 23. Ngf5 cxd3 24. Qxd3 Bxe4 25.
Qg3 Kh7 26. Bd3 Bxd3 27. Rxe8 Rxe8 28. Qxd3 g6 29. Ne3 Rd8 30. Nec2 Qb6 31. Qf3 Rxd4 32. Nxd4 Qxd4 33. Rd1 Qxb2 34. Qb7 Qxa2 35. Rc1 b4 36. Rc8 Qa1+ 37. Kh2 Qe5+ 38. g3 Qf5 39. Rxf8 Qxf2+ 40. Kh1 Qf1+ 41. Kh2 Qf2+ 42. Qg2 Qxg2+ 43. Kxg2 Nd5 44.
Rxf7+ Kg8 45. Ra7 b3 46. Rxa6 b2 47. Ra8+ Kf7 48. Rb8 Ne3+ 49. Kf3 Nc4 50. Ke2 Ke6 51. Kd3 Kd5 52. Rb5+ 1-0

[Event "Late-Titled-Tuesday-Blitz-July-09-2024"]
[Site "Chess.com"]
[Date "2024.07.09"]
[Round "2"]
[White "ozates"]
[Black "Seochesspie"]
[Result "1-0"]
[WhiteElo "2636"]
[BlackElo "2940"]
[TimeControl "180+1"]
[EndTime "14:18:39 PDT"]
[Termination "ozates won on time"]

1. e4 c5 2. Nf3 Nc6 3. d4 cxd4 4. Nxd4 e6 5. Nc3 Qc7 6. g3 a6 7. Bg2 Nf6 8. O-O Nxd4 9. Qxd4 Bc5 10. Qd3 d6 11. h3 O-O 12. Kh2 Bd7 13. f4 Bc6 14. g4 b5 15. a3 b4 16. axb4 Bxb4 17. g5 Nd7 18. Bd2 Nc5 19. Qe3 Qb7 20. Rae1 Rfe8 21. h4 a5 22. h5 Nd7 23. g6 fxg6 24. hxg6 h6 25. Qh3 Nf6 26. f5 Bxc3 27. Bxc3 e5 28.
Qh4 d5 29. exd5 Bxd5 30. Rf2 Bxg2 31. Rxg2 Qd7 32. Rf2 Qd6 33. Qc4+ Kh8 34. Rd2 Qb8 35. Kh3 Re7 36. Rde2 Nd7 37. Qh4 Qf8 38. Qh5 Nf6 39. Qh4 Nd5 40. Bxe5 Qxf5+ 41. Kh2 Qxg6 42. Rg2 Qh7 43.
Qd4 Qg8 44. Rg6 Rxe5 45. Qxe5 Nf6 46. Reg1 Re8 47. Rxh6+ gxh6 48. Qxf6+ Kh7 49. Rxg8 1-0

[Event "Late-Titled-Tuesday-Blitz-July-09-2024"]
[Site "Chess.com"]
[Date "2024.07.09"]
[Round "2"]
[White "ValeriyGrinev"]
[Black "AsaHoffmann"]
[Result "1-0"]
[WhiteElo "2672"]
[BlackElo "2389"]
[TimeControl "180+1"]
[EndTime "14:18:40 PDT"]
[Termination "ValeriyGrinev won on time"]

1. d4 Nf6 2. c4 c5 3. Nf3 cxd4 4. Nxd4 e5 5. Nb5 d5 6. cxd5 Bb4+ 7. N5c3 Na6 8. a3 Bc5 9. g3 Qb6 10. e3 Bg4 11. Be2 Bh3 12. Na4 Qd8 13. Bxa6 bxa6 14. Nxc5 Rc8 15. b4 O-O 16. Nc3 a5 17. Bb2 axb4 18.
axb4 Re8 19. e4 Qb6 20. Qd2 Qxb4 21. Nd3 Qd4 22. f3 Rb8 23. Ne2 Qb6 24. Bxe5 Rbd8 25.
Bd4 Qb5 26. Rxa7 Bg2 27. Nc3 Qc4 28. Nb2 Qb4 29. Ra4 Qb3 30. Qxg2 Nxd5 31. Nxd5 Rxd5 32.
O-O Rb5 33. Qf2 f6 34. Ra7 Rd8 35. Nd1 Qc4 36. Be3 Rb1 37. Nb2 Rxf1+ 38. Qxf1 Qc3 39. Qf2 h6 40. Ra1 Rb8 41. Rb1 Rc8 42. Kg2 Rd8 43. Re1 Rb8 44. Re2 Rb3 45. Nd1 Qd3 46. Rd2 Qb1 47. Qe2 Kh7 48. Nf2 Qa1 49. Rd1 Qa4 50.
Qc2 Qb5 51. Re1 Rb2 52. Qd1 Qb4 53. Re2 1-0

[Event "Late-Titled-Tuesday-Blitz-July-09-2024"]
[Site "Chess.com"]
[Date "2024.07.09"]
[Round "2"]
[White "queenazo"]
[Black "Klendi"]
[Result "0-1"]
[WhiteElo "1705"]
[BlackElo "2418"]
[TimeControl "180+1"]
[EndTime "14:18:41 PDT"]
[Termination "Klendi won by checkmate"]

1. e4 e5 2. Nf3 Nc6 3. Bc4 Nf6 4. d3 Bc5 5. O-O O-O 6. Nbd2 d5 7. exd5 Nxd5 8. Re1 Re8 9. Ne4 Bb6 10. Bg5 f6 11. Be3 Be6 12. Nc5 Bf7 13. Nxb7 Qc8 14. Bxd5 Bxd5 15.
Nc5 Qg4 16. h3 Qh5 17. Nd7 Bxe3 18. Rxe3 Rad8 19. Nc5 Rb8 20. b3 Qg6 21. Qe2 Ne7 22.
c4 Bc6 23. Rd1 Nf5 24. Re4 Bxe4 25. Qxe4 Nd6 26. Qd5+ Qf7 27. Qxf7+ Kxf7 28. d4 e4 29. Nd2 e3 30. fxe3 Rxe3 31. Nf1 Re2 32. Rd2 Rbe8 33. d5 Nf5 34. Ne6 Rxd2 35. Nxd2 c6 36. Kf2 cxd5 37. cxd5 Ne7 38. d6 Kxe6 39. dxe7 Rxe7 40.
Nc4 Kd5 41. Ne3+ Kc5 42. Nf5 Rd7 43. Ke3 g6 44. Nh6 f5 45. g4 fxg4 46. Nxg4 Kb4 47. Nf6 Re7+ 48. Kf4 Ka3 49. Kg5 Kxa2 50. Kh6 Kxb3 51.
Nxh7 a5 52. Kxg6 a4 53. h4 a3 54. h5 a2 55. h6 a1=Q 56. Nf6 Re6 57. Kg7 Qxf6+ 58.
Kg8 Re8+ 59. Kh7 Rh8# 0-1

[Event "Late-Titled-Tuesday-Blitz-July-09-2024"]
[Site "Chess.com"]
[Date "2024.07.09"]
[Round "2"]
[White "Mops_2004"]
[Black "DeArron_Fox"]
[Result "1-0"]
[WhiteElo "2742"]
[BlackElo "2435"]
[TimeControl "180+1"]
[EndTime "14:18:42 PDT"]
[Termination "Mops_2004 won on time"]

1. g3 d5 2. Nf3 Nf6 3. Bg2 e6 4. O-O Be7 5. d3 O-O 6. Bf4 b6 7. e4 dxe4 8. dxe4 Bb7 9. e5 Nd5 10.
Bd2 c5 11. Re1 Nc6 12. a4 Qd7 13. c3 a6 14. Na3 h6 15. Qc2 Rfd8 16. Re4 Bf8 17.
Rg4 Kh8 18. Re1 Nce7 19. Bc1 b5 20. Nd2 c4 21. Qb1 Nf5 22. Nc2 Rab8 23. axb5 axb5 24. Ne4 Ba8 25. Qa2 b4 26. Qxc4 bxc3 27. bxc3 Rbc8 28. Qb3 Rb8 29. Qa2 Rdc8 30. Bd2 Nb6 31. Ne3 Nd5 32. Nd1 Nb6 33. Bf1 Bd5 34. Qc2 Nc4 35. Bc1 Ra8 36.
Qe2 Nb6 37. Ne3 Ra2 38. Qd1 Nxe3 39. Bxe3 Qb7 40. Bg2 Ra4 41. Bd4 Rd8 42. Rf4 Nc4 43. Qh5 Ra2 44. Rxf7 Qa6 45. Nf6 gxf6 46. Qg6 1-0